 Dungeon Crawl Stone Soup version 0.29-a0-308-g4e025c60ea (webtiles) character file.

Game seed: 16787301436733106451

212 Ijustatesigmund the Skirmisher (level 5, 0/51 HPs)
             Began as a Gargoyle Wanderer on Mar 28, 2022.
             Slain by a wyvern (7 damage)
             ... on level 4 of the Dungeon.
             The game lasted 00:04:55 (4434 turns).

Ijustatesigmund the Skirmisher (Gargoyle Wanderer)  Turns: 4434, Time: 00:04:55

Health: 0/51       AC: 16    Str: 13    XL:     5   Next: 89%
Magic:  8/8        EV:  6    Int: 16    God:
Gold:   277        SH:  0    Dex: 10    Spells: 7/8 levels left

rFire   . . .      SeeInvis .   a - +1 flail
rCold   . . .      Faith    .   (no shield)
rNeg    + . .      Spirit   .   b - +1 chain mail
rPois   ∞          Reflect  .   k - +2 hat
rElec   +          Harm     .   (no cloak)
rCorr   .          Rampage  .   (no gloves)
Will    .....                   (no boots)
Stlth   ..........              e - amulet of the acrobat
HPRegen 0.17/turn               (no ring)
MPRegen 0.11/turn               (no ring)

@: berserking, very quick
A: sickness immunity, AC +4, negative energy resistance 1, electricity
resistance, torment resistance 1, petrification resistance
a: no special abilities


You were on level 4 of the Dungeon.
You visited 1 branch of the dungeon, and saw 4 of its levels.

You collected 277 gold pieces.

Inventory:

Hand Weapons
 a - a +1 flail (weapon)
 c - a +0 dagger
Missiles
 m - 6 poisoned darts (quivered)
Armour
 b - a +1 chain mail (worn)
 k - a +2 hat (worn)
Jewellery
 e - an amulet of the acrobat (around neck)
 h - a ring of fire
Scrolls
 d - a scroll of blinking
 n - a scroll of teleportation
Potions
 f - 2 potions of curing
 g - 3 potions of attraction
 i - 2 potions of brilliance
 j - 2 potions of berserk rage


   Skills:
 + Level 4.3 Fighting
 - Level 1.7 Short Blades
 + Level 2.2 Maces & Flails
 - Level 2.6 Throwing
 + Level 3.5 Armour
 - Level 2.0 Spellcasting


You had 7 spell levels left.
You knew the following spells:

 Your Spells              Type           Power      Damage    Failure   Level
a - Foxfire               Conj/Fire      4%         2x1d4     99%         1

Your spell library contained the following spells:

 Spells                   Type           Power      Damage    Failure   Level
 Spider Form              Tmut/Pois      1%         N/A       100%        3
 Summon Guardian Golem    Hex/Summ       1%         N/A       100%        3
 Vampiric Draining        Necr           1%         2d6       100%        3


Dungeon Overview and Level Annotations

Branches:
Dungeon (4/15)
 Temple: D:4-7

Altars:
Elyvilon

Annotations:
D:4 Ijyb


Innate Abilities, Weirdness & Mutations

You are immune to sickness and miasma.
Your stone body is resilient. (AC +4)
You are immune to poison.
You resist negative energy. (rN+)
You are resistant to electric shocks. (rElec)
You are resistant to unholy torment.
You are immune to petrification.


Message History

Things that are here:
a +0 whip; 28 stones
Things that are here:
a +0 dagger; a goblin corpse
Found 14 stones.
You now have 270 gold pieces (gained 15).
You now have 277 gold pieces (gained 7).
A wyvern comes into view.
The wyvern hisses angrily.
The wyvern closely misses you.
You hit the wyvern.
The wyvern is lightly wounded.
The wyvern bites you. The wyvern bites you!
You are too injured to fight recklessly!
You are too injured to fight recklessly!
You are too injured to fight recklessly!
You are too injured to fight recklessly!
You are too injured to fight recklessly!
You are too injured to fight recklessly!
You are too injured to fight recklessly!
You are too injured to fight recklessly!
You are too injured to fight recklessly!
You are too injured to fight recklessly!
You are too injured to fight recklessly!
You are too injured to fight recklessly!
A red film seems to cover your vision as you go berserk!
You feel yourself moving faster!
You feel mighty! The wyvern bites you!
* * * LOW HITPOINT WARNING * * *
You barely miss the wyvern.
The wyvern is lightly wounded.
The wyvern bites you.
* * * LOW HITPOINT WARNING * * *
The wyvern barely misses you.
You closely miss the wyvern.
The wyvern is lightly wounded.
The wyvern closely misses you.
You closely miss the wyvern.
The wyvern is lightly wounded.
The wyvern bites you!
You die...

.. #.## ###..# ...# #.#..# ..
##... ..... ##......# ##..##
.##.....# #....## ........#
#.l@..###.....##.+
#...#............#
.......##..........<#
....##.####..........### #..
....##...........#.. #.
##.................. .
##...........#.....
..##........[##....#...##.#....#
.>.................###..##......#


You could see a wyvern.

Vanquished Creatures
  A scorpion (D:3)
  Terence (D:3)
  A gnoll (D:1)
  4 adders
  3 worms
  4 dart slugs
  5 orcs (D:3)
  3 ball pythons
  4 endoplasms
  3 giant cockroaches
  2 goblins
  3 hobgoblins
  5 jackals
  3 quokkas
  5 bats
  3 frilled lizards
  7 kobolds
  5 rats
62 creatures vanquished.

Vanquished Creatures (others)
  9 fungi (D:2)
  4 plants (D:2)
13 creatures vanquished.

Grand Total: 75 creatures vanquished

Notes
Turn   | Place    | Note
-------+----------+-------------------------------------------
     0 | D:1      | Ijustatesigmund the Gargoyle Wanderer began the quest for
                  | the Orb.
     0 | D:1      | Ijustatesigmund set off with the following items: a +0
                  | short sword, 11 poisoned darts, a +0 dagger, a scroll of
                  | blinking, a +0 robe; and the following spell memorised:
                  | Foxfire; and the following spells available to memorise:
                  | Spider Form, Summon Guardian Golem, Vampiric Draining
     0 | D:1      | Reached XP level 1. HP: 12/12 MP: 3/3
   524 | D:1      | Reached skill level 1 in Armour
   645 | D:1      | Reached XP level 2. HP: 13/18 MP: 5/5
   887 | D:1      | Reached skill level 3 in Fighting
  1003 | D:1      | Reached XP level 3. HP: 19/23 MP: 6/6
  1556 | D:2      | Found a white marble altar of Elyvilon.
  2154 | D:2      | Reached XP level 4. HP: 19/28 MP: 7/7
  2730 | D:2      | Identified the +6 short sword of Ymokh {freeze, rF++ rC-
                  | rN+ rCorr}
  3151 | D:2      | Found a faded altar of an unknown god.
  3252 | D:3      | Reached skill level 1 in Maces & Flails
  3355 | D:3      | Noticed Terence
  3360 | D:3      | Killed Terence
  3561 | D:3      | Noticed a scorpion
  3565 | D:3      | You fall into a shaft and drop 1 floor!
  3565 | D:4      | Noticed Ijyb
  3592 | D:3      | Killed a scorpion
  3593 | D:3      | Reached skill level 4 in Fighting
  3593 | D:3      | Reached XP level 5. HP: 27/33 MP: 8/8
  4427 | D:4      | Noticed a wyvern
  4434 | D:4      | Slain by a wyvern

Illustrated notes

Levels and vault maps discovered:
D:1:      roderic_crossed_star, layout_loops_corners
D:2:      layout_basic, basic_altar, shapermc_ecumenical_altar_hornbeckon,
          minmay_misc_feat_diagonals
D:3:      layout_basic, uniq_terence
D:4:      layout_cave_pools, nzn_hepliaklqana_mist_gate, kennysheep_little_box,
          serial_shops, shop, nicolae_zen_rock_garden, minmay_misc_feat_square,
          uniq_ijyb, uniq_eustachio

Skill      XL: |  1  2  3  4 |
---------------+-------------+-----
Armour         | 1 2 3 |  3.5
Fighting       | 3 4 |  4.3
Maces & Flails | 2 |  2.2
Short Blades   | |  1.7
Throwing       | |  2.6
Spellcasting   | |  2.0

Action                   |  1- 3 |  4- 6 || total
-------------------------+-------+-------++-------
Melee: Short sword       |   103 |       ||   103
       Punch             |     1 |     1 ||     2
       Flail             |    35 |   142 ||   177
Throw: Dart              |       |     1 ||     1
  Use: Scroll            |     2 |     8 ||    10
       Potion            |       |     1 ||     1
Armor: Ring mail         |    19 |       ||    19
       Robe              |     2 |       ||     2
       Chain mail        |    77 |   123 ||   200
Dodge: Dodged            |    55 |    52 ||   107

Table legend: (Time is in decaauts)
 A = Elapsed time spent in this place.
 B = Non-inter-level travel time spent in this place.
 C = Inter-level travel time spent in this place.
 D = Time resting spent in this place.
 E = Time spent auto-exploring this place.
 F = Levels seen in this place.
 G = Mean time per level.
                   A        B        C        D        E       F      G
               +--------+--------+--------+--------+--------+-----+--------+
         Total |   4496 |   4415 |     81 |    757 |   2967 |   4 | 1124.0 |
       Dungeon |   4496 |   4415 |     81 |    757 |   2967 |   4 | 1124.0 |
               +--------+--------+--------+--------+--------+-----+--------+

Top non-repeatable levels by time:
     D:1: 1709 daAuts
     D:2: 1538 daAuts
     D:3: 1073 daAuts
     D:4: 175 daAuts
